Map: [ESL] NeoHumanity

Players

Erik

  • Race: Zerg Zerg
  • Spawn Location: 11:00

Astrea - Winner!

  • Race: Protoss Protoss
  • Spawn Location: 5:00

Event: ESL SC2 Masters 2023 Summer (Regionals)

VOD

Have the link to the VOD?

Description

Time

  • Played on: May 4, 2023, 3:42 p.m.
  • Length: 10:58

All games in this series

Show
View Real Time Build Order
Export as new Build Order

Erik Zerg 

Build Orders: Hatch First 

Get SALT Encoding   

  12  0:00  Drone  
  13  0:13  Overlord  
  13  0:17  Drone  
  14  0:32  Drone x2  
  16  0:52  Drone  
  16  0:53  Hatchery  
  16  0:56  Drone  
  17  1:08  Extractor  
  16  1:12  Spawning Pool  
  16  1:15  Drone  
  17  1:18  Drone  
  17  1:21  Drone  
  18  1:29  Drone  
  19  1:47  Hatchery  
  19  1:50  Drone  
  19  2:08  Queen  
  21  2:12  Drone  
  24  2:15  Drone  
  24  2:19  Drone  
  26  2:24  Metabolic Boost  
  26  2:29  Overlord  
  24  2:30  Zergling x2  
  24  2:31  Zergling x2  
  24  2:34  Overlord  
  26  2:37  Drone  
  27  2:47  Queen  
  29  2:54  Drone  
  29  2:56  Drone  
  30  3:01  Queen  
  30  3:02  Drone  
  32  3:06  Drone  
  32  3:12  Drone  
  34  3:21  Zergling x6  
  34  3:22  Drone x2  
  39  3:30  Queen  
  41  3:35  Zergling x4  
  43  3:46  Overlord  
  43  3:47  Queen  
  43  3:48  Unknown  
  43  3:54  Overlord  
  44  4:01  Hatchery  
  43  4:06  Drone x3  
  43  4:09  Drone x2  
  48  4:12  Drone  
  48  4:14  Drone  
  48  4:16  Drone  
  51  4:17  Drone  
  51  4:21  Spore Crawler  
  51  4:25  Drone x2  
  51  4:30  Queen  
  55  4:33  Unknown  
  55  4:36  Roach Warren  
  53  4:38  Drone  
  53  4:44  Overlord  
  54  4:46  Drone x3  
  54  4:49  Drone x2  
  59  4:58  Overlord  
  59  4:59  Overlord x2  
  59  5:01  Spore Crawler  
  59  5:06  Zergling x6  
  61  5:07  Zergling x2  
  62  5:17  Roach x4  
  62  5:18  Roach  
  62  5:20  Roach  
  74  5:28  Roach x3  
  80  5:36  Roach x2  
  84  5:44  Overlord  
  84  5:45  Extractor  
  84  5:48  Drone x4  
  85  5:52  Drone x2  
  85  5:54  Drone x2  
  86  5:57  Lair  
  86  6:04  Drone x3  
  86  6:05  Drone  
  90  6:13  Roach  
  90  6:14  Roach x3  
  90  6:16  Roach  
  100  6:25  Overlord  
  100  6:27  Queen  
  100  6:31  Overlord  
  102  6:36  Spore Crawler  
  102  6:38  Evolution Chamber  
  102  6:39  Zergling x10  
  105  6:46  Zergling x10  
  110  6:53  Drone  
  110  6:54  Drone x2  
  103  6:56  Glial Reconstitution  
  103  6:59  Drone x2  
  103  7:00  Drone  
  82  7:10  Roach x3  
  82  7:14  Zerg Missile Weapons Level 1  
  86  7:23  Roach x4  
  86  7:25  Roach  
  86  7:28  Drone  
  86  7:29  Drone  
  98  7:31  Drone  
  97  7:45  Ravager  
  97  7:46  Ravager x6  
  97  7:48  Drone x6  
  110  7:53  Overlord  
  109  8:00  Overlord  
  109  8:09  Roach x6  
  116  8:18  Roach x3  
  122  8:21  Drone x3  
  122  8:23  Extractor  
  122  8:24  Extractor  
  123  8:34  Drone x3  
  123  8:35  Spire  
  123  8:40  Zergling x6  
  127  8:49  Drone x3  
  112  9:12  Roach x11  
  134  9:21  Overlord x2  
  134  9:26  Overlord x2  
  134  9:27  Overlord  
  132  9:48  Mutalisk x3  
  132  9:49  Mutalisk x4  
  146  9:54  Baneling Nest  
  146  9:55  Mutalisk  
  147  10:10  Roach x5  
  144  10:28  Roach x5  
  154  10:31  Ravager x2  
  154  10:32  Ravager  
  154  10:34  Zergling x2  
  154  10:35  Zergling x6  
Show
View Real Time Build Order
Export as new Build Order

Astrea Protoss - Winner!

Build Orders:  

Get SALT Encoding   

  12  0:00  Probe  
  13  0:12  Probe  
  14  0:21  Pylon  
  14  0:24  Probe  
  15  0:39  Probe (Chrono Boost)  
  15  0:42  Gateway  
  16  0:48  Probe (Chrono Boost)  
  17  0:53  Probe (Chrono Boost)  
  17  0:56  Assimilator  
  18  1:05  Probe  
  18  1:11  Pylon  
  19  1:17  Probe  
  20  1:28  Zealot (Chrono Boost)  
  20  1:29  Cybernetics Core, Probe  
  20  1:32  Assimilator  
  23  1:41  Probe  
  23  1:46  Zealot (Chrono Boost)  
  24  1:54  Probe  
  27  2:06  Probe  
  27  2:07  Warp Gate, Shield Battery  
  28  2:11  Stalker (Chrono Boost)  
  28  2:13  Pylon  
  30  2:18  Probe  
  31  2:32  Probe  
  32  2:38  Stargate  
  32  2:44  Probe  
  33  2:56  Probe  
  33  3:08  Probe  
  34  3:16  Robotics Facility  
  34  3:18  Nexus  
  34  3:20  Probe  
  34  3:23  Sentry  
  37  3:29  Pylon  
  37  3:32  Probe  
  38  3:44  Probe  
  39  3:56  Probe  
  39  3:57  Sentry  
  39  4:00  Phoenix  
  42  4:04  Observer (Chrono Boost), Robotics Bay  
  42  4:08  Probe  
  44  4:16  Warp Prism (Chrono Boost)  
  44  4:20  Probe  
  47  4:30  Probe  
  48  4:33  Probe  
  48  4:35  Assimilator  
  49  4:42  Probe  
  49  4:44  Robotics Facility  
  49  4:45  Probe  
  51  4:49  Disruptor (Chrono Boost)  
  51  4:50  Observer  
  51  4:51  Adept  
  56  4:54  Probe  
  56  4:57  Probe  
  58  5:02  Assimilator  
  58  5:05  Pylon  
  58  5:06  Probe  
  59  5:08  Pylon  
  59  5:09  Probe  
  60  5:18  Probe  
  60  5:20  Disruptor (Chrono Boost)  
  60  5:21  Probe  
  62  5:22  Pylon  
  65  5:30  Probe  
  65  5:33  Probe  
  65  5:34  Gravitic Drive  
  69  5:36  Pylon  
  69  5:37  Adept  
  69  5:38  Warp Prism (Chrono Boost)  
  69  5:42  Gateway  
  71  5:43  Probe  
  71  5:44  Gateway  
  72  5:52  Disruptor (Chrono Boost)  
  75  6:09  Pylon  
  78  6:13  Disruptor (Chrono Boost)  
  78  6:14  Probe  
  78  6:15  Probe  
  78  6:17  Gateway  
  80  6:21  Gateway  
  80  6:22  Immortal (Chrono Boost), Gateway  
  84  6:28  Pylon  
  84  6:41  Disruptor (Chrono Boost)  
  90  7:02  Colossus (Chrono Boost)  
  90  7:03  Nexus, Pylon  
  90  7:11  Colossus (Chrono Boost)  
  92  7:23  Stalker x6  
  92  7:28  Pylon  
  104  7:31  Probe x2  
  106  7:46  Probe x2  
  108  7:58  Probe x2  
  109  8:00  Colossus x2 (Chrono Boost)  
  122  8:10  Probe x2  
  124  8:13  Stalker  
  124  8:15  Stalker x3  
  132  8:22  Probe x3  
  132  8:25  Zealot x2  
  139  8:37  Probe  
  139  8:38  Pylon  
  139  8:40  Pylon  
  140  8:41  Pylon, Shield Battery  
  137  9:06  Stalker x6  
  145  9:18  Observer  
  145  9:20  Pylon  
  145  9:21  Pylon x2, Assimilator  
  145  9:23  Assimilator  
  145  9:25  Forge  
  145  9:33  Stalker x3  
  145  9:34  Twilight Council, Stalker x3  
  157  9:54  Immortal x2  
  157  9:58  Zealot x3  
  157  9:59  Zealot x2  
  175  10:20  Photon Cannon x2  
  167  10:22  Photon Cannon  
  165  10:33  Stalker x5  
  175  10:38  Stalker  
Tags
 
Add a new tag
Caveats
  • Supply blocks, unpowered buildings, or Contaminate may cause inaccurate times.
  • Supply counts are checked every 10 seconds.